AoeStats
← _vishi_

Socotra

504529608Analyzed
3v3 RM · 27d ago on Sep 5, 2026· 23m 1s· 6 players
Game mode
Random Map
Map size
128×128
Population
200
Speed
Normal
Resources
Standard
Victory
Conquest
Starting age
Dark Age
Ending age
Imperial Age
RankedLock teamsTeams togetherTeam positionsShared explorationLock speedFull tech treeHidden civsTurbo modeCheats
Victory
Defeat
🇪🇸 Maya · Spain
1620
+10
🇪🇸 Jurchens · Spain
1548
+13
🇪🇸 Magyars · Spain
1337
+22
🇺🇸 Maya · United States
1524
-17
🇮🇳 Wei · India
1447
-14
🇹🇼 Celts · Taiwan
1445
-14
DS_Maulet
0:30 Loom
10:01 Feudal Age
11:20 Double-Bit Axe
13:39 Town Watch
15:58 Fletching
22:13 Castle Age
20:41 Padded Archer Armor
20:46 Horse Collar
21:19 Gold Mining
22:15 Crossbowman
23:02 Bodkin Arrow
pau795
5:54 Loom
8:48 Feudal Age
9:48 Double-Bit Axe
20:52 Wheelbarrow
20:54 Padded Archer Armor
22:29 Scale Barding Armor
Mike_Tango
9:54 Feudal Age
9:32 Loom
11:14 Double-Bit Axe
18:11 Scale Barding Armor
18:33 Horse Collar
22:42 Castle Age
21:46 Gold Mining
23:15 Bloodlines
_vishi_
6:20 Loom
10:02 Feudal Age
11:20 Double-Bit Axe
17:50 Scale Barding Armor
18:58 Bloodlines
21:02 Wheelbarrow
elephant
2:11 Loom
11:40 Feudal Age
15:07 Double-Bit Axe
16:28 Fletching
rolltorest
0:26 Loom
9:24 Feudal Age
10:11 Double-Bit Axe
15:01 Fletching
24:11 Castle Age
23:05 Padded Archer Armor
Connection lost

Rejoining the realm…

Still unreachable

The connection could not be restored.

Session expired

The server has moved on; the page needs a fresh start.